 Dungeon Crawl Stone Soup version 0.17-a0-1923-gc35365e (webtiles) character file.

168 shakdrar the Cudgeler (level 5, -1/33 HPs)
             Began as a Gargoyle Berserker on Sept 28, 2015.
             Was a Believer of Trog.
             Slain by Sigmund
             ... wielding a +2 scythe of flaming
              (6 damage)
             ... on level 2 of the Dungeon.
             The game lasted 00:09:56 (2705 turns).

shakdrar the Cudgeler (Gargoyle Berserker)          Turns: 2705, Time: 00:09:56

Health: -1/33      AC:  8    Str: 20    XL:     5   Next: 49%
Magic:  5/5        EV: 12    Int:  8    God:    Trog [**....]
Gold:   148        SH:  0    Dex: 10    Spells: 0 memorised, 4 levels left

rFire  . . .     SeeInvis .     a - +0 mace
rCold  . . .     Clarity  +     b - +0 animal skin
rNeg   + . .     SustAt   .     (no shield)
rPois  ∞         Gourm    .     (no helmet)
rElec  +         Spirit   .     k - +0 cloak
rCorr  .         Warding  .     j - +0 pair of gloves
rMut   .         Stasis   .     (no boots)
MR     .....                    h - amulet of clarity
Stlth  +.........               (no ring)
                                (no ring)

@: exhausted, slowed, very slow, not resistant to hostile enchantments, very
unstealthy
A: negative energy resistance 1, electricity resistance, unbreathing,
petrification resistance, rot immunity, AC +4
a: Burn Spellbooks, Berserk, Trog's Hand, Renounce Religion


You were on level 2 of the Dungeon.
You worshipped Trog.
Trog was pleased with you.
You were very hungry.

You visited 1 branch of the dungeon, and saw 3 of its levels.

You collected 148 gold pieces.

Inventory:

Hand weapons
 a - a +0 mace (weapon)
Armour
 b - a +0 animal skin (worn)
 j - a +0 pair of gloves (worn)
 k - a +0 cloak (worn)
Jewellery
 h - an amulet of clarity (around neck)
Magical devices
 o - a wand of slowing (32)
Scrolls
 l - a scroll of remove curse
 q - a scroll of identify
Potions
 d - a potion of flight
 e - a potion of cure mutation
 f - a potion of magic {unknown}
 g - 2 potions of curing
 m - a potion of might {unknown}
Comestibles
 c - 2 bread rations
 i - 4 fruits
 n - a chunk of flesh
 p - a meat ration


   Skills:
 + Level 4.2 Fighting
 * Level 4.5 Maces & Flails
 + Level 3.6 Armour
 - Level 1.8 Dodging


You had 4 spell levels left.
You didn't know any spells.

Dungeon Overview and Level Annotations

Branches:
Dungeon (3/15)

Altars:
Cheibriados
Xom

Annotations:
D:2 Sigmund


Innate Abilities, Weirdness & Mutations

You are resistant to torment.
Your stone body is resilient (AC +4).
You are immune to poison.
You resist negative energy.
You are resistant to electric shocks.
You can survive without breathing.
You are immune to petrification.
You are immune to rotting.


Message History

You feel a strong urge to attack something.
Sigmund mumbles some strange words.
Sigmund flickers and vanishes!
Deactivating autopickup; reactivate with Ctrl-A.
You barely miss something. Something hits you. Something burns you.
You barely miss something. Something hits you. Something burns you.
You miss something. You miss something. Something hits you.
Something burns you.
You sock something!
You are no longer berserk.
You are exhausted.
You feel yourself slow down.
You are feeling very hungry.
You miss something. Something hits you but does no damage.
You closely miss something. Something hits you. Something burns you.
You barely miss something. Something hits you!
* * * LOW HITPOINT WARNING * * *
Something burns you.
* * * LOW HITPOINT WARNING * * *
Something hits you.
You die...

....$..##.#
...$....#.########
..........(......# .#
........#........##..
........#............
....................
........>.<......##. ..
.......##........# ...
##.#### #....@{..#####..
#....<......##..
#...........##.##
...........##.[#..######
###....#######..........
#...........##.<.#....
..................#....
#####..........#.{......
...............##.##


There were no monsters in sight!

Vanquished Creatures
  2 jellies (D:3)
  4 gnolls (D:3)
  2 oozes
  A worm (D:3)
  2 giant geckos
  4 orcs (D:3)
  4 bats
  9 goblins
  5 hobgoblins
  6 kobolds
  A giant cockroach (D:3)
  10 giant newts (D:1)
  A quokka (D:3)
  5 rats
  A sheep (D:3)
57 creatures vanquished.

Notes
Turn   | Place    | Note
--------------------------------------------------------------
     0 | D:1      | shakdrar the Gargoyle Berserker began the quest for the Orb.
     0 | D:1      | Reached XP level 1. HP: 14/14 MP: 1/1
    36 | D:1      | Reached XP level 2. HP: 12/19 MP: 2/2
   400 | D:1      | Acquired Trog's second power
   400 | D:1      | Reached XP level 3. HP: 19/24 MP: 3/3
   857 | D:2      | Noticed Sigmund
  1505 | D:3      | Found a shimmering altar of Xom.
  1547 | D:3      | Reached skill level 4 in Fighting
  1547 | D:3      | Reached XP level 4. HP: 4/29 MP: 4/4
  2277 | D:3      | Reached XP level 5. HP: 33/33 MP: 5/5
  2568 | D:3      | Found a snail-covered altar of Cheibriados.
  2705 | D:2      | Slain by Sigmund

Vault maps used:
D:1:      saegor_arrival_miasma, minmay_newt_pond
D:2:      grunt_temple_overflow_open, uniq_sigmund, uniq_jessica
D:3:      cheibriados_altar_wand_db, serial_glass, glass_columns_a,
          glass_columns_a, first_bread, dk_xom_monty_hall

Action                   |  1- 3 |  4- 6 || total
-------------------------+-------+-------++-------
Melee: Mace              |   115 |    55 ||   170
Invok: Berserk           |     1 |     4 ||     5
  Use: Scroll            |     6 |       ||     6
       Potion            |     1 |       ||     1
  Eat: Chunk             |     2 |     3 ||     5
       Bread ration      |       |     1 ||     1
